 Dungeon Crawl Stone Soup version 0.26-a0-712-ga5a9c9c9d0 (webtiles) character file.

Game seed: 7990398120040971978

(classic levelgen) 30216 EnegeticOcto the Pandemonic (level 13, -1/118 HPs)
             Began as a Deep Dwarf Fighter on Nov 4, 2020.
             Was a High Priest of Makhleb.
             Killed from afar by a deep elf mage (35 damage)
             ... with a bolt of lightning
             ... on level 15 of the Dungeon.
             The game lasted 00:07:58 (8153 turns).

EnegeticOcto the Pandemonic (Deep Dwarf Fighter)    Turns: 8153, Time: 00:07:59

Health: -1/118     AC: -4    Str: 25    XL:     13   Next: 19%
Magic:  16/16      EV:  6    Int:  9    God:    Makhleb [*****.]
Gold:   713        SH: 12    Dex: 12    Spells: 12/12 levels left

rFire    . . .     SeeInvis .   e - +2 war axe (drain)
rCold    . . .     Faith    .   c - +0 kite shield
rNeg     . . .     Spirit   .   a - +0 plate armour
rPois    +         Reflect  .   p - +2 helmet
rElec    .         Harm     .   j - +2 cloak {rPois}
rCorr    .         Rampage  .   (no gloves)
MR       +....                  h - +0 pair of boots
Stlth    ..........             (no amulet)
HPRegen  0.00/turn              B - +4 ring of slaying
MPRegen  0.15/turn              (no ring)

@: corroded, non-regenerating
A: damage resistance, heal wounds, sense surroundings 2, no regeneration
a: Heal Wounds, Minor Destruction, Lesser Servant of Makhleb, Major Destruction,
Greater Servant of Makhleb, Renounce Religion


You were on level 15 of the Dungeon.
You worshipped Makhleb.
Makhleb was extremely pleased with you.
You visited 2 branches of the dungeon, and saw 16 of its levels.
You also visited: Ossuary.

You collected 970 gold pieces.
You spent 257 gold pieces at shops.

Inventory:

Hand Weapons
 e - a +2 war axe of draining (weapon)
 A - a +4 dagger of distortion
Armour
 a - a +0 plate armour (worn)
 c - a +0 kite shield (worn)
 h - a +0 pair of boots (worn)
 j - a +2 cloak of poison resistance (worn)
 p - a +2 helmet (worn)
Jewellery
 B - a +4 ring of slaying (left hand)
 D - an uncursed ring of protection from cold
 E - an uncursed amulet of reflection
Wands
 o - a wand of digging (7) {@v3}
 y - a wand of iceblast (16) {@v2}
Scrolls
 i - 9 scrolls of remove curse {@r2}
 l - 6 scrolls of teleportation {@r3}
 m - 2 scrolls of fog
 r - 2 scrolls of blinking
 u - 3 scrolls of immolation {@r4}
 x - a scroll of noise
 C - 5 scrolls of identify {@r1}
 F - a scroll of fear
Potions
 d - 6 potions of might {@q3}
 f - a potion of magic
 g - 2 potions of invisibility
 k - a potion of flight
 n - 7 potions of curing {@q1}
 q - a potion of mutation
 s - 3 potions of stabbing
 t - 2 potions of heal wounds {@q2}
 v - 3 potions of resistance {@q5}
 w - 6 potions of ambrosia
 z - 2 potions of haste {@q4}
Miscellaneous
 b - a box of beasts (3/3)


   Skills:
 + Level 8.7 Fighting
 * Level 13.4 Axes
 + Level 10.3 Armour
 + Level 10.4 Shields
 * Level 13.9 Invocations


You had 12 spell levels left.
You didn't know any spells.
Your spell library was empty.

Dungeon Overview and Level Annotations

Branches:
Dungeon (15/15)            Temple (1/1) D:5             Orc (0/2) D:11
 Depths (0/5) D:15        Ossuary (visited)
   Lair: D:8-11      Vaults: D:13-14

Altars:
Ashenzari
Dithmenos
Elyvilon
Fedhas
Gozag
Hepliaklqana
Kikubaaqudgha
Makhleb
Okawaru
Ru
Trog
Vehumet
Xom
Yredelemnul
The Shining One

Shops:
D:7 ?   D:9 (   D:10 !   D:11 ([   D:12 *

Annotations:
D:12 3 runed translucent doors, exclusion: obsidian statue, Azzok's ghost, journeyman DsFi


Innate Abilities, Weirdness & Mutations

You are resistant to damage.
You can heal yourself by infusing magical energy.
You passively map the area around you.
You do not regenerate.


Message History

Your quasit claws the bullfrog. x2; You block the bullfrog's attack.
Your ufetubus hits the bullfrog. x2
Your ufetubus completely misses the bullfrog.
Your ufetubus barely misses the bullfrog.
An ettin comes into view.
It is wielding a +0 dire flail and a +1 dire flail of protection.
Your ufetubus closely misses the bullfrog. x2
Your quasit bites the bullfrog.
Your quasit claws the bullfrog. x2
You closely miss the bullfrog.
The bullfrog is severely wounded.
You hit the centaur warrior simulacrum.
Your ufetubus disappears in a puff of smoke!
The bullfrog hits you.
Your neqoxec gestures.
Your ufetubus hits the centaur warrior simulacrum but does no damage.
Your ufetubus hits the centaur warrior simulacrum.
The centaur warrior simulacrum barely misses your ufetubus.
Your ufetubus hits the bullfrog. Your ufetubus misses the bullfrog.
Your ufetubus barely misses the bullfrog. x2
Your quasit bites the bullfrog.
Your quasit barely misses the bullfrog.
Your quasit claws the bullfrog.
You hit the bullfrog but do no damage. You drain the bullfrog.
You kill the bullfrog!
Makhleb accepts your kill.
You feel better.
You slash the centaur warrior simulacrum!
Your ufetubus hits the centaur warrior simulacrum but does no damage.
Your ufetubus hits the centaur warrior simulacrum.
Your ufetubus hits the tengu warrior but does no damage.
Your ufetubus barely misses the tengu warrior.
The centaur warrior simulacrum hits your ufetubus.
The centaur warrior simulacrum freezes your ufetubus!
Your ufetubus resists.
Your ufetubus dies!
Your ufetubus closely misses the tengu warrior.
Your ufetubus barely misses the tengu warrior.
There are monsters nearby!
You hit the centaur warrior simulacrum but do no damage.
The centaur warrior simulacrum is severely damaged.
You hit the tengu warrior but do no damage.
You drain the tengu warrior.
Your ufetubus closely misses the tengu warrior.
Your ufetubus misses the tengu warrior. You block the tengu warrior's attack.
The tengu warrior barely misses you. The tengu warrior claws you.
Your ufetubus hits the tengu warrior.
Your ufetubus completely misses the tengu warrior.
The centaur warrior simulacrum hits you.
The centaur warrior simulacrum freezes you!
Your ufetubus hits the tengu warrior.
Your ufetubus barely misses the tengu warrior.
There are monsters nearby!
There are monsters nearby!
There are monsters nearby!
There are monsters nearby!
You hit the centaur warrior simulacrum.
The centaur warrior simulacrum is almost destroyed.
You miss the tengu warrior. Your ufetubus hits the tengu warrior.
Your ufetubus misses the tengu warrior.
You block the centaur warrior simulacrum's attack.
The tengu warrior hits you with a +2 dire flail.
The tengu warrior pecks you. The tengu warrior claws you.
Your ufetubus barely misses the tengu warrior.
Your ufetubus hits the tengu warrior. Your neqoxec hits the tengu warrior.
Your ufetubus hits the tengu warrior. x2
There are monsters nearby!
You hit the centaur warrior simulacrum but do no damage.
The centaur warrior simulacrum is almost destroyed.
You hit the tengu warrior but do no damage.
The centaur warrior simulacrum closely misses you.
Your ufetubus closely misses the tengu warrior. x2
Your ynoxinul hits the centaur warrior simulacrum!
The centaur warrior simulacrum vapourises!
Makhleb accepts your kill.
A deep elf knight comes into view. It is wielding a +0 short sword.
You block the tengu warrior's attack. The tengu warrior pecks you.
The tengu warrior barely misses you.
Your ufetubus completely misses the tengu warrior.
Your ufetubus misses the tengu warrior.
You hit the tengu warrior but do no damage.
You drain the tengu warrior.
The tengu warrior is heavily wounded.
Your ufetubus disappears in a puff of smoke!
Your ufetubus barely misses the tengu warrior.
Your ufetubus misses the tengu warrior. Your neqoxec hits the tengu warrior!
Your ufetubus completely misses the tengu warrior.
Your ufetubus hits the tengu warrior but does no damage.
The ettin closely misses your ufetubus.
The ettin hits your ufetubus but does no damage.
Your ynoxinul gestures at the tengu warrior.
The iron shot hits the tengu warrior!!
The tengu warrior dies!
Makhleb accepts your kill.
The deep elf knight gestures wildly while chanting.
The deep elf knight seems to speed up.
The deep elf mage points at you and mumbles some strange words.
The bolt of lightning hits you!!!
* * * LOW HITPOINT WARNING * * *
The bolt of lightning hits your white imp!
Your white imp dies!
The bolt of lightning hits you!!!
You die...

...#........ #....#* ***
* ...#.........#...§ , ,
...#.........#..# ,, ,
)5.#.........'..# ,
...#'#+#######..# , * , ,
................+ . ,
................#####...*
..............55........*
...........(..53@3......*
).............55)○......
...............5e5......*
.................C......
.#####.............!....
.# .................# <#
.....#........#, * .#
,..e...........# , .#, ,
,, , , , * *


You could see an ettin, a deep elf knight (fast), a deep elf mage, a friendly
neqoxec (summoned), a friendly ynoxinul (summoned), a friendly iron imp
(summoned), a friendly quasit (summoned) and 5 friendly ufetubi.

Vanquished Creatures
  Erolcha (D:10)
  Harold (D:7)
  2 boulder beetles (D:12)
  3 centaur warriors
  5 two-headed ogres
  A queen ant (D:11)
  4 skeletal warriors (D:15)
  An unseen horror (D:12)
  A deep elf archer (D:12)
  A deep elf mage (D:12)
  2 ugly things
  2 manticores
  Maurice (D:8)
  Maggie (D:7)
  Psyche (D:12)
  A gargoyle (D:12)
  A queen bee (D:12)
  A meliai (shapeshifter) (D:12)
  3 hornets
  2 trolls
  2 meliai (D:12)
  Prince Ribbit (D:8)
  4 slime creatures
  3 wyverns
  6 yaks (D:14)
  Grum (D:10)
  A wraith (D:12)
  Eustachio (D:4)
  2 basilisks (D:12)
  2 vampire mosquitoes (D:13)
  Edmund (D:5)
  10 soldier ants
  A water moccasin (D:8)
  Duvessa (D:7)
  3 orc warriors
  2 ice beasts
  6 sky beasts
  A black bear (D:10)
  4 phantoms
  3 wolves (D:10)
  3 ogres
  4 boggarts (D:15)
  5 centaurs
  3 big kobolds
  12 bullfrogs
  A gnoll sergeant (D:5)
  Dowan (D:7)
  A scorpion (D:8)
  16 killer bees
  A wight (D:12)
  2 howler monkeys
  A bullfrog zombie (D:11)
  Crazy Yiuf (D:4)
  3 hounds
  3 jellies
  9 orc priests
  A gnoll shaman (D:8)
  8 orc wizards
  5 centaur skeletons
  3 iguanas
  19 worker ants
  A hound zombie (D:9)
  13 mummies (Ossuary)
  Robin (D:4)
  8 gnolls
  A howler monkey skeleton (D:4)
  13 adders
  2 shadow imps
  5 white imps
  An ufetubus (D:5)
  3 oozes
  An adder skeleton (D:5)
  2 worms
  A dart slug (D:3)
  7 leopard geckos
  23 orcs
  2 bats
  7 giant cockroaches
  16 goblins
  7 hobgoblins
  23 jackals
  15 kobolds
  3 quokkas
  2 frilled lizards
  A gnoll skeleton (Ossuary)
  3 kobold skeletons (Ossuary)
  A leopard gecko skeleton (D:6)
  3 orc skeletons (Ossuary)
  5 rats
  11 rat skeletons (Ossuary)
373 creatures vanquished.

Vanquished Creatures (collateral kills)
  Nessos (D:12)
  A hydra (D:12)
  A tengu warrior (D:15)
  A skeletal warrior (D:15)
  A meliai (D:12)
  A centaur simulacrum (D:15)
  A phantom (D:12)
  A boggart (D:15)
  3 killer bees (D:12)
  2 wights (D:12)
  An orc wizard (D:12)
14 creatures vanquished.

Vanquished Creatures (others)
  An orc priest (D:10)
  4 orcs (D:10)
  A kobold skeleton (Ossuary)
6 creatures vanquished.

Grand Total: 393 creatures vanquished

Notes
Turn   | Place    | Note
-------+----------+-------------------------------------------
     0 | D:1      | EnegeticOcto the Deep Dwarf Fighter began the quest for the
                  | Orb.
     0 | D:1      | Reached XP level 1. HP: 20/20 MP: 1/1
    44 | D:1      | Reached XP level 2. HP: 27/27 MP: 2/2
   146 | D:2      | Reached XP level 3. HP: 29/33 MP: 3/3
   292 | D:3      | Reached XP level 4. HP: 29/42 MP: 4/4
   610 | D:4      | Reached XP level 5. HP: 30/49 MP: 5/5
   736 | D:4      | Noticed Eustachio
   753 | D:4      | Killed Eustachio
   753 | D:4      | Reached XP level 6. HP: 46/57 MP: 6/6
   991 | D:4      | Found a runed translucent door.
   992 | D:4      | Noticed Crazy Yiuf
  1088 | D:4      | Reached skill level 5 in Axes
  1171 | D:4      | Noticed Robin
  1190 | D:4      | Killed Robin
  1382 | D:4      | Killed Crazy Yiuf
  1425 | D:5      | Entered Level 5 of the Dungeon
  1495 | D:5      | Reached XP level 7. HP: 42/64 MP: 6/6
  1614 | D:5      | Reached skill level 5 in Armour
  1614 | D:5      | Reached skill level 5 in Shields
  1756 | D:5      | Noticed Edmund
  1782 | D:5      | Killed Edmund
  1825 | D:5      | Found a staircase to the Ecumenical Temple.
  1833 | Temple   | Entered the Ecumenical Temple
  1874 | Temple   | Became a worshipper of Makhleb the Destroyer
  1944 | D:5      | Reached XP level 8. HP: 61/73 MP: 7/7
  2177 | D:5      | Reached skill level 1 in Invocations
  2606 | D:6      | Reached * piety under Makhleb
  2840 | D:7      | Reached skill level 5 in Fighting
  2880 | D:7      | Noticed Maggie
  2905 | D:7      | Gained mutation: You passively map the area around you.
                  | [Deep Dwarf growth]
  2905 | D:7      | Reached XP level 9. HP: 81/81 MP: 10/10
  2907 | D:7      | Reached skill level 5 in Invocations
  2912 | D:7      | Killed Maggie
  2923 | D:7      | Noticed Dowan
  2939 | D:7      | Noticed Duvessa
  2940 | D:7      | Killed Dowan
  2951 | D:7      | Killed Duvessa
  3043 | D:7      | Found Piecrawk's Magic Scroll Boutique.
  3049 | D:7      | Bought a scroll of enchant weapon for 97 gold pieces
  3122 | D:7      | Noticed Harold
  3124 | D:7      | Found a blossoming altar of Fedhas.
  3147 | D:7      | Killed Harold
  3407 | D:8      | Noticed Prince Ribbit
  3432 | D:8      | Killed Prince Ribbit
  3453 | D:8      | Paralysed by a hornet for 2 turns
  3462 | D:8      | Found a radiant altar of Vehumet.
  3519 | D:8      | Noticed Maurice
  3691 | D:8      | Reached XP level 10. HP: 58/91 MP: 13/13
  3696 | D:8      | Reached ** piety under Makhleb
  3730 | D:8      | Killed Maurice
  3783 | D:8      | Identified the ring "Fucigena" {MP+9 Int+6}
  3822 | D:8      | Noticed a two-headed ogre
  3834 | D:8      | Killed a two-headed ogre
  4009 | D:8      | Found a sand-covered staircase.
  4018 | Ossuary  | Entered an ossuary
  4343 | D:8      | Reached skill level 10 in Axes
  4739 | D:9      | Noticed a two-headed ogre
  4757 | D:9      | Killed a two-headed ogre
  4832 | D:9      | Reached *** piety under Makhleb
  4945 | D:9      | Found Fam Rier's Weapon Shoppe.
  5045 | D:9      | Noticed a cyan ugly thing
  5054 | D:9      | Killed a cyan ugly thing
  5325 | D:10     | Entered Level 10 of the Dungeon
  5384 | D:10     | Found Matire's Distillery.
  5392 | D:10     | Bought a potion of haste for 160 gold pieces
  5421 | D:10     | Noticed Erolcha
  5436 | D:10     | Killed Erolcha
  5436 | D:10     | Reached skill level 10 in Invocations
  5436 | D:10     | Reached XP level 11. HP: 74/99 MP: 15/15
  5494 | D:10     | Noticed a green ugly thing
  5508 | D:10     | Killed a green ugly thing
  5514 | D:10     | Noticed Grum
  5539 | D:10     | Killed Grum
  5797 | D:10     | Reached **** piety under Makhleb
  5888 | D:11     | Found a staircase to the Orcish Mines.
  5888 | D:11     | Found Tymno's Weapon Emporium.
  6149 | D:11     | Noticed a queen ant
  6161 | D:11     | Killed a queen ant
  6234 | D:11     | Noticed a two-headed ogre
  6242 | D:11     | Killed a two-headed ogre
  6587 | D:11     | Found Ycismagg's Armour Shop.
  6774 | D:12     | Noticed a boulder beetle
  6795 | D:12     | Killed a boulder beetle
  6805 | D:12     | HP: 3/100 [killer bee (6)]
  6819 | D:12     | Noticed a six-headed hydra
  6832 | D:12     | Killed an 11-headed hydra
  6898 | D:12     | Found a runed translucent gate.
  6898 | D:12     | Found a runed translucent gate.
  6898 | D:12     | Found an opulent altar of Gozag.
  6898 | D:12     | Noticed an obsidian statue
  6899 | D:12     | Found a runed translucent gate.
  6914 | D:12     | Found Opnigett's Assorted Antiques.
  6914 | D:12     | Noticed a purple ugly thing
  6914 | D:12     | Noticed Azzok's ghost (journeyman DsFi)
  7020 | D:12     | Noticed Psyche
  7022 | D:12     | Reached ***** piety under Makhleb
  7026 | D:12     | Killed Psyche
  7026 | D:12     | Reached XP level 12. HP: 86/110 MP: 15/15
  7041 | D:12     | Noticed a centaur warrior
  7054 | D:12     | Killed a centaur warrior
  7071 | D:12     | Noticed a centaur warrior
  7107 | D:12     | Noticed a boulder beetle
  7119 | D:12     | Found the +7 captain's cutlass {speed, disarm}
  7127 | D:12     | Killed a centaur warrior
  7148 | D:12     | Killed a boulder beetle
  7176 | D:12     | Noticed Nessos
  7226 | D:12     | Killed Nessos
  7235 | D:12     | Identified the Guide on Enthralling Moulding
  7539 | D:13     | Noticed a two-headed ogre
  7551 | D:13     | Killed a two-headed ogre
  7551 | D:13     | Reached skill level 10 in Shields
  7647 | D:13     | Reached skill level 10 in Armour
  7683 | D:13     | Noticed a two-headed ogre
  7691 | D:13     | Killed a two-headed ogre
  7958 | D:14     | Noticed a centaur warrior
  7965 | D:14     | Killed a centaur warrior
  7965 | D:14     | Reached XP level 13. HP: 117/118 MP: 18/18
  8018 | D:15     | Entered Level 15 of the Dungeon
  8147 | D:15     | Noticed an ettin
  8153 | D:15     | Killed from afar by a deep elf mage

Illustrated notes

Levels and vault maps discovered:
D:1:      minmay_arrival_hallway, layout_basic, minmay_vboxes
D:2:      cheibrodos_helix_gallery, layout_basic, hangedman_decor_lopped,
          nicolae_underground_beach
D:3:      layout_loops_ring
D:4:      kennysheep_goblin_castle, layout_basic, uniq_crazy_yiuf_cottage,
          uniq_eustachio
D:5:      layout_cave_pods, temple_doors_e, uniq_edmund
D:6:      layout_cave_pools
D:7:      layout_rooms, fedhas_ov_isle_minmay, serial_shops, shop, uniq_maggie,
          uniq_harold, uniq_duvessa
D:8:      layout_basic, nicolae_ossuary_entry_ruins, basic_altar, uniq_maurice,
          uniq_prince_ribbit1
D:9:      layout_roguey, serial_shops, kennysheep_mini_moat
D:10:     layout_roguey, lair_entry_dummy, serial_shops, shop,
          lemuel_flamethrower_2, uniq_erolcha, uniq_grum
D:11:     layout_loops_corners, orc_david_3, serial_shops,
          kennysheep_little_box, minmay_another_anthill
D:12:     minmay_the_grid_octo_tiled_squarecenter_mashed
          [minmay_the_grid_octo_tetromino_candy, minmay_the_grid_octo_clover,
          minmay_the_grid_octo_clover_2, minmay_the_grid_octo_checkered,
          minmay_the_grid_square_5x5_megaprize_checkered,
          minmay_the_grid_square_5x5_lines,
          minmay_the_grid_square_5x5_tetrominoes,
          minmay_the_grid_square_5x5_minivault,
          minmay_the_grid_square_5x5_forky], layout_rooms, ebering_ghost_gozag,
          chequers_arboretum, minivault_7, uniq_psyche, uniq_nessos
D:13:     layout_cave_pools, lightli_vaults_fourway_checkpoint,
          serial_park_tiny_2
D:14:     layout_irregular_city, abandoned_shop, uniq_roxanne
D:15:     hangedman_depths_entry_civil_slaughter, layout_irregular_city,
          nicolae_sextant
Temple:   compressed_dpeg_circular_temple

Skill      XL: |  1  2  3  4  5  6  7  8  9 10 11 12 |
---------------+-------------------------------------+-----
Axes           | 3 4 5 6 8 9 10 12 13 | 13.4
Fighting       | 3 4 5 6 7 8 |  8.7
Armour         | 4 5 6 7 8 9 10 | 10.3
Shields        | 4 5 6 7 8 9 10 | 10.4
Invocations    | 4 7 10 11 13 | 13.9

Action                   |  1- 3 |  4- 6 |  7- 9 | 10-12 | 13-15 || total
-------------------------+-------+-------+-------+-------+-------++-------
Melee: War axe           |    84 |   128 |   334 |   717 |    94 ||  1357
Invok: Lesser Servant of |       |       |       |     5 |     2 ||     7
 Abil: Heal Wounds       |       |     4 |    17 |    22 |     8 ||    51
Evoke: Wand              |       |       |       |     6 |       ||     6
  Use: Scroll            |       |       |    20 |     7 |       ||    27
 Stab: Distracted        |       |       |       |     2 |     3 ||     5
Armor: Scale mail        |    42 |    47 |   202 |    31 |       ||   322
       Chain mail        |       |       |       |    69 |       ||    69
       Plate armour      |       |       |       |   386 |    53 ||   439
Dodge: Dodged            |    28 |    35 |   121 |   180 |    15 ||   379
Block: Kite shield       |    50 |    70 |   248 |   506 |    61 ||   935

Table legend: (Time is in decaauts)
 A = Elapsed time spent in this place.
 B = Non-inter-level travel time spent in this place.
 C = Inter-level travel time spent in this place.
 D = Time resting spent in this place.
 E = Time spent auto-exploring this place.
 F = Levels seen in this place.
 G = Mean time per level.
                   A        B        C        D        E       F      G
               +--------+--------+--------+--------+--------+-----+--------+
         Total |   8297 |   7996 |    301 |      0 |   5354 |  17 |  488.1 |
       Dungeon |   7921 |   7629 |    292 |      0 |   5153 |  15 |  528.1 |
        Temple |     51 |     42 |      9 |      0 |     37 |   1 |   51.0 |
       Ossuary |    324 |    324 |      0 |      0 |    164 |   1 |  324.0 |
               +--------+--------+--------+--------+--------+-----+--------+

Top non-repeatable levels by time:
     D:4: 956 daAuts
     D:5: 946 daAuts
     D:8: 945 daAuts
    D:11: 913 daAuts
    D:12: 749 daAuts
     D:7: 643 daAuts
     D:9: 632 daAuts
    D:10: 532 daAuts
     D:6: 461 daAuts
 Ossuary: 324 daAuts
    D:14: 316 daAuts
     D:3: 299 daAuts
     D:1: 156 daAuts
    D:13: 154 daAuts
    D:15: 122 daAuts
